 Dungeon Crawl Stone Soup version 0.29.1-1-gd02db6906a (webtiles) character file.

Game seed: 8848703615492432762

23392 RascalDebosk the Thaumaturge (level 13, -2/103 HPs)
             Began as a Djinni Conjurer on Oct 18, 2022.
             Was a Follower of Ashenzari.
             Slain by a merfolk
             ... wielding a +0 trident
              (16 damage)
             ... on level 2 of the Lair of Beasts.
             The game lasted 02:48:23 (18644 turns).

RascalDebosk the Thaumaturge (Djinni Conjurer)     Turns: 18644, Time: 02:48:23

Health: -2/103     AC:  5    Str:  6    XL:     13   Next: 34%
Gold:   2          EV: 11    Int: 25    God:    Ashenzari [*.....] SH:  5 Dex: 14

rFire   + + +      SeeInvis .   s - +9 quick blade
rCold   . . .      Faith    .   E - +0 buckler
rNeg    + . .      Spirit   .   D - +0 troll leather armour
rPois   ∞          Reflect  .   H - -2 hat of the Alchemist {rElec rPois rF+ rC+ rN+ Will+ rMut rCorr, Cun, Self} (curse)
rElec   +          Harm     .   r - +0 cloak
rCorr   +          Rampage  .   p - +0 pair of gloves
rMut    +                       (boots unavailable)
Will    ++...                   (no amulet)
Stlth   ++........              i - ring "Liggiew" {+Blink rElec Int+2 Slay+4}
HPRegen 1.07/turn               w - ring of the Chained Discomfort {Wiz, Melee, Self} (curse)
MPRegen 0.00/turn

@: flying, hasted, very quick
A: sickness immunity, fire resistance 2, cold vulnerability 1, float, innate
caster, HP casting, extra vitality 1
a: Renounce Religion, Evoke Blink, Shatter the Chains


You were on level 2 of the Lair of Beasts.
You worshipped Ashenzari.
Ashenzari was aware of your devotion.
You visited 3 branches of the dungeon, and saw 14 of its levels.
You also visited: Ossuary.

You collected 1713 gold pieces.
You spent 1711 gold pieces at shops.

Inventory:

Hand Weapons
 c - a +1 dagger of electrocution
 s - a +9 quick blade (weapon)
Armour
 p - a +0 pair of gloves (worn)
 r - a +0 cloak (worn)
 D - a +0 troll leather armour (worn)
 E - a +0 buckler (worn)
 H - the cursed -2 hat of the Alchemist (worn) {rElec rPois rF+ rC+ rN+ Will+ rMut rCorr, Cun, Self}
   (You acquired it on level 10 of the Dungeon)

   rF:        It protects you from fire.
   rC:        It protects you from cold.
   rElec:     It insulates you from electricity.
   rPois:     It protects you from poison.
   rN:        It protects you from negative energy.
   rCorr:     It protects you from acid and corrosion.
   rMut:      It protects you from mutation.
   Will:      It increases your willpower.
   It has a curse which improves the following skills: Cunning: Dodging and
   Stealth.
   Introspection: Fighting and Spellcasting.
Magical Staves
 o - a staff of earth
Jewellery
 i - the ring "Liggiew" (left hand) {+Blink rElec Int+2 Slay+4}
   (You bought it in a shop on level 10 of the Dungeon)

   [ring of slaying]

   Int:       It affects your intelligence (+2).
   Slay:      It affects your accuracy & damage with ranged weapons and melee
   (+4).
   rElec:     It insulates you from electricity.
   +Blink:    It lets you blink.
 w - the cursed ring of the Chained Discomfort (right hand) {Wiz, Melee, Self}
   (You found it on level 2 of the Lair of Beasts)

   [ring of wizardry]

   It improves your spell success rate.
   It has a curse which improves the following skills: Melee Combat: Short
   Blades, Long Blades, Axes, Maces & Flails, Polearms, Staves and Unarmed
   Combat.
   Introspection: Fighting and Spellcasting.
 G - a +6 ring of strength
Wands
 b - a wand of polymorph (13)
 k - a wand of roots (7)
 l - a wand of paralysis (6)
 u - a wand of digging (1)
 v - a wand of light (5)
 z - a wand of mindburst (12)
Scrolls
 a - 2 scrolls of silence
 f - 2 scrolls of fog
 g - 2 scrolls of blinking
 m - 5 scrolls of fear
 t - 9 scrolls of teleportation
 C - 3 scrolls of poison
Potions
 d - 3 potions of mutation
 e - 2 potions of berserk rage
 h - 7 potions of curing
 j - 3 potions of brilliance
 n - 4 potions of cancellation
 q - 8 potions of might
 x - a potion of haste
 B - 2 potions of lignification


   Skills:
 + Level 11.8(13.1) Fighting
 + Level 6.1(7.0) Short Blades
 - Level 5.2 Armour
 - Level 2.1(2.8) Dodging
 - Level 1.5(2.2) Stealth
 - Level 5.0 Shields
 * Level 13.2(14.5) Spellcasting


You had 8 spell levels left.
You knew the following spells:

 Your Spells              Type           Power      Damage    Failure   Level
a - Magic Dart            Conj           100%       1d8       0%          1
b - Searing Ray           Conj           100%       2d8       0%          2
c - Dazzling Flash        Conj/Hex       100%       N/A       1%          3
d - Fulminant Prism       Conj/Hex       37%        3d18      1%          4
e - Iskenderun's Mystic   Conj/Tloc      74%        2d15      1%          4
f - Beastly Appendage     Tmut           100%       N/A       0%          1
g - Static Discharge      Conj/Air       74%        3-13/arc  0%          2
h - Ozocubu's Armour      Ice            74%        N/A       1%          3
i - Confusing Touch       Hex            74%        N/A       1%          3
j - Irradiate             Conj/Tmut      37%        3d24      1%          5
k - Lee's Rapid Deconstr  Erth           37%        3d19*     1%          5
Your spell library was empty.

Dungeon Overview and Level Annotations

Branches:
Dungeon (11/15)            Temple (1/1) D:4            Lair (2/5) D:8
 Shoals (0/4) Lair:2          Orc (0/2) D:11        Ossuary (visited)
  Snake: Lair:2-3    Spider: Lair:2-3

Altars:
Ashenzari
Cheibriados
Dithmenos
Elyvilon
Fedhas
Gozag
Hepliaklqana
Makhleb
Nemelex Xobeh
Okawaru
Qazlal
Ru
Trog
Uskayaw
Wu Jian
Xom
Yredelemnul
Zin
The Shining One

Shops:
D:8 [??   D:10 =

Annotations:
D:5 3 runed translucent doors, btbam's ghost, amateur MiFi
D:9 1 transporter


Innate Abilities, Weirdness & Mutations

You are immune to sickness and miasma.
You are immune to poison.
Your flesh is very heat resistant. (rF++)
You are vulnerable to cold. (rC-)
You float through the air rather than walking.
You learn spells naturally, not from books.
Your magical power is your life essence.
You have superior vitality. (+4 MHP)


Message History

Casting: Iskenderun's Mystic Blast (safe; 1% risk of failure)
Confirm with . or Enter, or press ? or * to list all spells.
You erupt in a blast of force!
The mystic blast hits the cane toad!
You kill the cane toad!
The mystic blast hits the blink frog!!
The blink frog is heavily wounded.
The blink frog is knocked back by the mystic blast.
The blink frog collides with the blink frog!
The blink frog is lightly wounded.
The blink frog is almost dead.
The mystic blast hits the bullfrog!!
The bullfrog is almost dead.
The bullfrog is knocked back by the mystic blast.
* * * LOW HITPOINT WARNING * * *
Your surroundings suddenly seem different.
A black mamba comes into view.
The black mamba hisses angrily.
A cane toad comes into view.
Casting: Iskenderun's Mystic Blast (safe; 1% risk of failure)
Confirm with . or Enter, or press ? or * to list all spells.
Aiming: Searing Ray (safe; 0% risk of failure)
Press: ? - help, Shift-Dir - straight line, f - black mamba
Aim: a black mamba (72% to hit)
The searing ray hits the black mamba!
The black mamba is moderately wounded. (Press . to maintain the ray.)
* * * LOW HITPOINT WARNING * * *
The black mamba bites you.
* * * LOW HITPOINT WARNING * * *
The searing ray hits the black mamba!
The black mamba is heavily wounded.
* * * LOW HITPOINT WARNING * * *
The black mamba closely misses you.
The black mamba bites you but does no damage.
Casting: Searing Ray (safe; 0% risk of failure)
Confirm with . or Enter, or press ? or * to list all spells.
Restarting spell: Searing Ray (safe; 0% risk of failure)
Press: ? - help, Shift-Dir - straight line, f/p - black mamba
Aim: a black mamba (heavily wounded, 72% to hit)
The searing ray hits the black mamba!
The black mamba is severely wounded. (Press . to maintain the ray.)
* * * LOW HITPOINT WARNING * * *
The black mamba closely misses you.
The searing ray hits the black mamba.
The black mamba is almost dead.
* * * LOW HITPOINT WARNING * * *
The black mamba bites you!
* * * LOW HITPOINT WARNING * * *
The black mamba bites you.
* * * LOW HITPOINT WARNING * * *
Casting: Searing Ray (safe; 0% risk of failure)
Confirm with . or Enter, or press ? or * to list all spells.
Restarting spell: Searing Ray (safe; 0% risk of failure)
Press: ? - help, Shift-Dir - straight line, f/p - black mamba
Aim: a black mamba (severely wounded, 72% to hit)
The searing ray misses the black mamba. (Press . to maintain the ray.)
* * * LOW HITPOINT WARNING * * *
The black mamba bites you.
* * * LOW HITPOINT WARNING * * *
The black mamba bites you but does no damage.
Casting: Searing Ray (safe; 0% risk of failure)
Confirm with . or Enter, or press ? or * to list all spells.
You erupt in a blast of force!
The mystic blast hits the black mamba!!
You kill the black mamba!
* * * LOW HITPOINT WARNING * * *
You hear a shout!
You hear a croak.
Found 5 stones.
A merfolk comes into view. It is wielding a +0 trident.
You feel yourself speed up.
The merfolk hits you but does no damage.
You feel better.
A merfolk siren comes into view. It is wielding a +0 spear.
The merfolk throws a boomerang.
The boomerang closely misses you.
You hit the merfolk.
The merfolk is lightly wounded.
The merfolk hits you with a +0 trident!
* * * LOW HITPOINT WARNING * * *
You hit the merfolk but do no damage.
The merfolk is lightly wounded.
Casting: Iskenderun's Mystic Blast (safe; 1% risk of failure)
Confirm with . or Enter, or press ? or * to list all spells.
You erupt in a blast of force!
The mystic blast hits the plant!
The plant begins to die.
The plant is lightly damaged.
The mystic blast hits the merfolk!
The merfolk is moderately wounded.
The merfolk is knocked back by the mystic blast.
The merfolk slams into the rock wall!
The merfolk is heavily wounded.
* * * LOW HITPOINT WARNING * * *
You hear a shout!
The merfolk siren chants a haunting song.
You resist with some effort.
A merfolk siren comes into view. It is wielding a +0 trident.
Found 21 gold pieces.
Found a staircase to the Shoals.
The merfolk siren chants a haunting song.
You resist with some effort. The merfolk hits you with a +0 trident!
You die...

### $..##
#>#..##
m~~~...
###~~~.###
###.###.~m.##
#.....###@.P#
...........##
..m.......(#
........####
........#
...F..†.#
..........#
..........#
..........#


You could see a merfolk, 2 merfolk sirens and a cane toad.

Vanquished Creatures
  Gastronok (D:11)
  Erolcha (D:10)
  A two-headed ogre (D:10)
  Nergalle (Lair:1)
  3 oklob plants (D:8)
  2 cyclopes (D:11)
  4 elephants (Lair:1)
  A gargoyle (D:11)
  3 black mambas
  5 cane toads
  Maggie (D:9)
  An unseen horror (D:10)
  Psyche (D:8)
  2 komodo dragons
  A rime drake (Lair:1)
  2 trolls
  2 polar bears
  Grinder (D:5)
  A wraith (D:9)
  A wyvern (D:10)
  3 shadows
  Eustachio (D:5)
  A steam dragon (D:9)
  17 yaks
  12 vampire mosquitoes
  Menkaure (Ossuary)
  A two-headed ogre zombie (D:11)
  Edmund (D:5)
  7 water moccasins
  An acid dragon (D:11)
  A floating eye (D:8)
  An ice beast (D:7)
  2 sky beasts
  3 black bears
  4 orc warriors
  An ogre (D:5)
  3 centaurs
  2 phantoms (D:11)
  4 kobold brigands
  Blork the orc (D:6)
  7 bullfrogs
  5 scorpions
  A necrophage (D:7)
  3 gnoll sergeants
  4 wights (D:9)
  3 killer bees (D:9)
  A troll zombie (D:11)
  An electric eel (D:8)
  4 howler monkeys
  3 orc priests
  3 jellies
  2 gnoll boudas
  4 hounds
  Natasha (thrice) (D:2)
  4 iguanas
  5 orc wizards
  6 ogre zombies (D:11)
  3 mummies (Ossuary)
  7 adders
  26 gnolls
  3 white imps
  2 ufetubi
  4 worms
  4 dart slugs
  22 orcs
  8 ball pythons
  7 endoplasms
  3 giant cockroaches
  4 gnoll zombies (Ossuary)
  7 goblins
  8 hobgoblins
  4 jackals
  4 quokkas
  6 bats
  3 frilled lizards
  2 gnoll skeletons (Ossuary)
  6 goblin skeletons
  10 goblin zombies
  11 hobgoblin skeletons
  3 hobgoblin zombies
  26 kobolds
  3 kobold skeletons (Ossuary)
  4 kobold zombies (Ossuary)
  An orc skeleton (Ossuary)
  19 orc zombies
  7 rats
  5 rat skeletons (Ossuary)
  7 rat zombies (Ossuary)
  A bush (D:8)
391 creatures vanquished.

Vanquished Creatures (others)
  9 bushes (D:5)
  88 fulminant prisms
  27 fungi
  26 plants
150 creatures vanquished.

Grand Total: 541 creatures vanquished

Notes
Turn   | Place    | Note
-------+----------+-------------------------------------------
     0 | D:1      | RascalDebosk the Djinni Conjurer began the quest for the
                  | Orb.
     0 | D:1      | RascalDebosk set off with the following spells memorised:
                  | Magic Dart, Searing Ray, Dazzling Flash, Fulminant Prism,
                  | Iskenderun's Mystic Blast.
     0 | D:1      | Reached XP level 1. HP: 15/15 MP: 0/0
   119 | D:1      | Reached XP level 2. HP: 14/22 MP: 0/0
   761 | D:1      | Reached skill level 1 in Armour
   761 | D:1      | Reached XP level 3. HP: 21/26 MP: 0/0
   761 | D:1      | Learned a level 1 spell: Beastly Appendage
   766 | D:1      | Reached skill level 1 in Fighting
  1563 | D:2      | Reached XP level 4. HP: 20/32 MP: 0/0
  1970 | D:2      | Reached skill level 4 in Spellcasting
  2747 | D:2      | Noticed Natasha
  2750 | D:2      | Killed Natasha
  2751 | D:2      | Reached XP level 5. HP: 19/38 MP: 0/0
  2751 | D:2      | Learned a level 2 spell: Static Discharge
  2787 | D:2      | Noticed Natasha
  2797 | D:2      | Killed Natasha
  3340 | D:2      | Noticed Natasha
  3344 | D:2      | Killed Natasha
  3578 | D:3      | Noticed a black bear
  3591 | D:3      | Reached XP level 6. HP: 29/45 MP: 0/0
  3600 | D:3      | Killed a black bear
  4599 | D:4      | Reached XP level 7. HP: 18/50 MP: 0/0
  4599 | D:4      | Learned a level 3 spell: Ozocubu's Armour
  4859 | D:4      | Found Sohani Liatt's Distillery.
  4867 | D:4      | Bought a potion of mutation for 96 gold pieces
  4867 | D:4      | Bought a potion of curing for 36 gold pieces
  4960 | D:4      | Reached skill level 5 in Spellcasting
  5168 | D:4      | Found a staircase to the Ecumenical Temple.
  5176 | Temple   | Entered the Ecumenical Temple
  5324 | D:4      | Reached skill level 9 in Spellcasting
  5324 | D:4      | Reached XP level 8. HP: 58/65 MP: 0/0
  5325 | D:4      | Reached skill level 5 in Armour
  5325 | D:4      | Reached skill level 10 in Spellcasting
  5326 | D:4      | Reached XP level 9. HP: 65/72 MP: 0/0
  5326 | D:4      | Learned a level 3 spell: Confusing Touch
  5638 | D:4      | Found a hazy altar of Hepliaklqana.
  5639 | D:4      | Found a shimmering altar of Xom.
  5639 | D:4      | Noticed a spectral ugly thing
  5769 | D:5      | Entered Level 5 of the Dungeon
  5806 | D:5      | Noticed Grinder
  5810 | D:5      | Killed Grinder
  5819 | D:5      | Noticed Edmund
  5830 | D:5      | Killed Edmund
  6212 | D:5      | Found a runed translucent gate.
  6213 | D:5      | Found a runed translucent gate.
  6213 | D:5      | Noticed btbam's ghost (amateur MiFi)
  6214 | D:5      | Found a runed translucent gate.
  6503 | D:5      | Noticed Eustachio
  6511 | D:5      | Killed Eustachio
  6512 | D:5      | Reached XP level 10. HP: 53/78 MP: 0/0
  7889 | D:4      | Bought a potion of flight for 36 gold pieces
  7889 | D:4      | Bought a potion of attraction for 36 gold pieces
  7889 | D:4      | Bought a potion of lignification for 36 gold pieces
  7889 | D:4      | Bought a potion of heal wounds for 60 gold pieces
  7889 | D:4      | Bought a potion of heal wounds for 60 gold pieces
  8440 | D:4      | Bought a potion of brilliance for 48 gold pieces
  8931 | D:6      | Noticed Blork the orc
  8976 | D:6      | Killed Blork the orc
  9850 | D:7      | Identified a scroll of acquirement
  9850 | D:7      | Acquired a +8 quick blade
  9900 | D:7      | Identified the +8 plate armour of the Skies Above {-Cast
                  | Harm rC++}
 10366 | D:7      | Reached skill level 11 in Spellcasting
 10515 | D:7      | Found a bloodstained altar of Trog.
 10608 | D:8      | Found a sand-covered staircase.
 10614 | Ossuary  | Entered an ossuary
 11266 | Ossuary  | Noticed Menkaure
 11274 | Ossuary  | Killed Menkaure
 11966 | D:8      | Found a staircase to the Lair.
 12306 | D:8      | Found Baggoem's Magic Scroll Boutique.
 12311 | D:8      | Bought a scroll of teleportation for 42 gold pieces
 12311 | D:8      | Bought a scroll of fear for 56 gold pieces
 12328 | D:8      | Noticed an oklob plant
 12577 | D:8      | Killed an oklob plant
 12749 | D:8      | Noticed an oklob plant
 12765 | D:8      | Killed an oklob plant
 12766 | D:8      | Reached XP level 11. HP: 33/85 MP: 0/0
 12766 | D:8      | Learned a level 5 spell: Irradiate
 12986 | D:8      | Noticed an oklob plant
 12999 | D:8      | Killed an oklob plant
 13033 | D:8      | Found Yfymymn's Antique Armour Shoppe.
 13037 | D:8      | Bought a runed robe for 81 gold pieces
 13062 | D:8      | Reached skill level 10 in Fighting
 13062 | D:8      | Reached skill level 5 in Short Blades
 13375 | D:8      | Found Bumad's Magic Scroll Boutique.
 13586 | D:8      | Found a broken altar of Ashenzari.
 13587 | D:8      | Noticed Psyche
 13588 | D:8      | Found a shadowy altar of Dithmenos.
 13592 | D:8      | Killed Psyche
 13597 | D:8      | Found a glowing golden altar of the Shining One.
 13598 | D:8      | Became a worshipper of Ashenzari the Shackled
 13621 | D:8      | Found a snail-covered altar of Cheibriados.
 13623 | D:8      | Found a hide-covered altar of Uskayaw.
 13624 | D:8      | Found a stormy altar of Qazlal.
 13626 | D:8      | Found a blossoming altar of Fedhas.
 13630 | D:8      | Found a burning altar of Makhleb.
 13631 | D:8      | Found a white marble altar of Elyvilon.
 14485 | D:9      | Found a transporter.
 14529 | D:9      | Found a transporter.
 14530 | D:9      | Found a transporter.
 14646 | D:9      | Found a transporter.
 14729 | D:9      | Noticed Maggie
 14741 | D:9      | Killed Maggie
 15054 | D:10     | Entered Level 10 of the Dungeon
 15197 | D:10     | Noticed a two-headed ogre
 15204 | D:10     | Killed a two-headed ogre
 15261 | D:10     | Noticed Erolcha
 15418 | D:10     | Found Xonascho's Jewellery Shoppe.
 15808 | D:10     | Reached skill level 12 in Spellcasting
 16061 | D:10     | Killed Erolcha
 16062 | D:10     | Reached skill level 1 in Shields
 16062 | D:10     | Reached XP level 12. HP: 91/93 MP: 0/0
 16065 | D:10     | Acquired the -2 hat of the Alchemist {rElec rPois rF+ rC+
                  | rN+ Will+ rMut rCorr}
 16065 | D:10     | Found the -2 hat of the Alchemist {rElec rPois rF+ rC+ rN+
                  | Will+ rMut rCorr}
 16072 | D:10     | Acquired 869 gold pieces
 16301 | D:11     | Found a white marble altar of Elyvilon.
 16375 | D:11     | Noticed Gastronok
 16405 | D:11     | Killed Gastronok
 16486 | D:11     | Identified the +9 quarterstaff of Uvacor {flame, rF++
                  | Stlth+}
 16746 | D:11     | Found a staircase to the Orcish Mines.
 17492 | Lair:1   | Entered Level 1 of the Lair of Beasts
 17633 | Lair:1   | Reached XP level 13. HP: 80/100 MP: 0/0
 17633 | Lair:1   | Learned a level 5 spell: Lee's Rapid Deconstruction
 17643 | Lair:1   | Reached skill level 13 in Spellcasting
 17901 | Lair:1   | Noticed Nergalle
 17906 | Lair:1   | Killed Nergalle
 17907 | Lair:1   | Reached skill level 5 in Shields
 18184 | Lair:2   | Reached * piety under Ashenzari
 18422 | D:10     | Bought the ring "Liggiew" {+Blink rElec Int+2 Slay+4} for
                  | 1124 gold pieces
 18621 | Lair:2   | Noticed a seven-headed hydra
 18644 | Lair:2   | Found a staircase to the Shoals.
 18644 | Lair:2   | Slain by a merfolk

Illustrated notes

Levels and vault maps discovered:
D:1:      minmay_arrival_widening_spiral_wide, layout_basic
D:2:      layout_loops_ring, kennysheep_nondescript, uniq_natasha
D:3:      layout_basic, hangedman_decor_lopped, kennysheep_generic_room_9
D:4:      layout_basic, regret_index_temple_of_mockery,
          minmay_temple_entry_junction_2, serial_shops, nicolae_shop_stone
D:5:      layout_layer_cave, gammafunk_ghost_split, minmay_hedge_maze,
          uniq_edmund, uniq_eustachio, uniq_grinder
D:6:      layout_basic, hangedman_abyss_or_decor_stagger,
          minmay_misc_feat_roman, uniq_blork_the_orc
D:7:      layout_loops_ring, lemuel_coloured_pillars_altar
D:8:      layout_basic, nicolae_overflow_hallway_of_the_gods,
          grunt_lair_entry_orc_guard_hut, nicolae_ossuary_entry_plus,
          serial_shops, nicolae_take_the_stairs, shop,
          nicolae_shop_advertising_works [nicolae_subvault_shop_adworks],
          fungi_pond_lemuel, disabler_island, uniq_psyche
D:9:      layout_rooms, nicolae_vehumet_altar_sigil, nicolae_transporter_circle,
          uniq_maggie
D:10:     layout_stronghold, serial_shops, nicolae_shop_stone, uniq_erolcha
D:11:     layout_basic, zombieorc2_lemuel, elyvilon_altar_5, uniq_gastronok
Temple:   nicolae_temple_superstar
Lair:1:   layout_concentric_octagons, st_stairs_13, infiniplex_staircase_pool_2,
          uniq_nergalle
Lair:2:   layout_cave_pods, elwin_shoals_entry_stream,
          minmay_snake_entry_guardpost_small, chequers_serial_rivers_micro_d,
          serial_bayou_shore_b

Skill      XL: |  1  2  3  4  5  6  7  8  9 10 11 12 13 |
---------------+----------------------------------------+-----
Armour         | 1 2 3 5 |  5.2
Fighting       | 1 2 3 8 9 10 11 | 11.8
Spellcasting   | 4 9 10 11 12 13 | 13.2
Short Blades   | 3 4 5 6 |  6.1
Shields        | 1 4 5 |  5.0
Dodging        | |  2.1
Stealth        | |  1.5

Action                   |  1- 3 |  4- 6 |  7- 9 | 10-12 | 13-15 || total
-------------------------+-------+-------+-------+-------+-------++-------
Melee: Unarmed           |     1 |       |       |       |       ||     1
       Dagger            |    27 |     9 |     1 |    10 |       ||    47
       Headbutt          |     1 |       |       |       |       ||     1
       Quick blade       |       |       |       |    19 |    20 ||    39
       Punch             |       |       |       |     1 |       ||     1
 Cast: Magic Dart        |    49 |    70 |    82 |   342 |    47 ||   590
       Searing Ray       |     2 |     5 |     5 |    28 |     4 ||    44
       Dazzling Flash    |     2 |       |       |       |       ||     2
       Beastly Appendage |     1 |       |       |     1 |       ||     2
       Iskenderun's Myst |       |     8 |     7 |   100 |    25 ||   140
       Fulminant Prism   |       |     5 |     6 |    74 |     3 ||    88
       Static Discharge  |       |     6 |     2 |    20 |       ||    28
       Ozocubu's Armour  |       |       |     1 |       |       ||     1
Invok: Curse Item        |       |       |       |     1 |     1 ||     2
  Use: Scroll            |       |     3 |     9 |    16 |     1 ||    29
       Potion            |       |       |     2 |     7 |     2 ||    11
 Stab: Sleeping          |     1 |       |     1 |       |       ||     2
       Invisible         |     1 |       |       |       |       ||     1
Armor: Leather armour    |    13 |     6 |     2 |    17 |       ||    38
       Troll leather arm |       |       |       |     2 |     8 ||    10
Dodge: Dodged            |    21 |    16 |     6 |    55 |    13 ||   111
Block: Buckler           |       |       |       |     9 |     4 ||    13
